 Dungeon Crawl Stone Soup version 0.31-a0-174-g85c54bcb58 (webtiles) character file.

Game seed: 16240050722669282563

86 qw the Shooter (level 4, -2/28 HPs)
             Began as a Gargoyle Hunter on June 15, 2023.
             Slain by a goblin
             ... wielding a +0 club
             ... led by Robin
              (3 damage)
             ... on level 2 of the Dungeon.
             The game lasted 00:00:38 (1183 turns).

qw the Shooter (Gargoyle Hunter)                    Turns: 1183, Time: 00:00:39

Health: -2/28      AC:  9    Str: 14    XL:     4   Next: 49%
Magic:  4/4        EV: 10    Int: 10    God:
Gold:   40         SH:  0    Dex: 15    Spells: 3/3 levels left

rFire   . . .        Y - +0 shortbow
rCold   . . .        (shield currently unavailable)
rNeg    + . .        e - +0 ring mail
rPois   inf          (no helmet)
rElec   +            h - +0 cloak
rCorr   .            (no gloves)
SInv    .            (no boots)
Will    .....        (no amulet)
Stlth   +            (no ring)
HPRegen 0.24/turn    (no ring)
MPRegen 0.09/turn

%: no passive effects
@: no status effects
A: sickness immunity, AC +3, negative energy resistance 1, electricity
resistance, torment resistance 1, petrification resistance
a: no special abilities


You were on level 2 of the Dungeon.
You visited 1 branch of the dungeon, and saw 2 of its levels.

You collected 40 gold pieces.


Innate Abilities, Weirdness & Mutations

You are immune to sickness and miasma.
Your stone body is resilient. (AC +3)
You are immune to poison.
You resist negative energy. (rN+)
You are resistant to electric shocks. (rElec)
You are resistant to unholy torment.
You are immune to petrification.


   Skills:
 - Level 3.1 Fighting
 + Level 5.2 Ranged Weapons
 - Level 1.0 Armour
 - Level 1.5 Dodging
 - Level 1.1 Stealth


You had 3 spell levels left.
You didn't know any spells.
Your spell library was empty.

Inventory:

Hand Weapons
 Y - a +0 shortbow (weapon)
Armour
 e - a +0 ring mail (worn)
 h - a +0 cloak (worn)
Jewellery
 b - a +4 ring of protection
 c - an amulet of magic regeneration
 i - a +6 ring of strength
Scrolls
 j - a scroll of identify
Potions
 a - a potion of degeneration {unknown}
 d - a potion of heal wounds
 f - 3 potions of curing {unknown}
 g - a potion of ambrosia {unknown}
 k - a potion of resistance {unknown}
 l - a potion of attraction {unknown}
 m - a potion of lignification {unknown}

Dungeon Overview and Level Annotations

Branches:
Dungeon (2/15)

Altars:

Annotations:
D:2 Robin


Message History

You shoot an arrow.
The arrow hits the goblin but does no damage.
The goblin is severely wounded.
The goblin hits you with a +0 club.
The goblin splashes around in the water.
The goblin completely misses you. x2; The goblin hits you with a +0 club.
The goblin closely misses you. The goblin barely misses you.
The goblin hits you with a +0 dagger.
You shoot an arrow.
The arrow hits the goblin but does no damage.
The goblin is severely wounded.
The goblin splashes around in the water.
The goblin barely misses you. The goblin closely misses you.
The goblin hits you but does no damage. x2
You shoot an arrow. The arrow barely misses the goblin.
The goblin barely misses you.
Robin roars a battlecry!
The goblins go into a battle-frenzy!
The goblin hits you but does no damage. x2; The goblin barely misses you.
The goblin hits you but does no damage. x2
You shoot an arrow. The arrow closely misses the goblin.
The goblin barely misses you. Robin throws the goblin at you!
The goblin splashes around in the water.
The goblin hits you but does no damage.
The goblin splashes around in the water.
The goblin hits you with a +0 club. The goblin hits you with a +0 dagger.
The goblin hits you but does no damage. x2
You shoot an arrow.
The arrow hits the goblin but does no damage.
The goblin is severely wounded.
The goblin hits you with a +0 club. x3; The goblin barely misses you.
The goblin closely misses you. x2; The goblin barely misses you.
The goblin misses you. The goblin barely misses you. x2
You shoot an arrow. The arrow barely misses the goblin.
The goblin closely misses you. The goblin barely misses you.
The goblin splashes around in the water.
The goblin hits you with a +0 club. x2; The goblin hits you with a +0 dagger.
The goblin hits you but does no damage. x3; The goblin barely misses you. x2
The goblin hits you with a +0 club.
You die...

....#...........~
....#...........~ ###
#..........P~
####+###...P~ ######
#.......~P ##~~~~##
##.........
..###~~~~~~###..........
.....gggg.......###.....
...)~gg@g.......# #.....
...~..ggg~......###.....
...~..~g..~.............
....~~....~............#
.......}~~...........###
......~~}..............#
#....~....~~.....%%%...#
#....~..~~..~..........#
...~~...)~.........>#


You could see Robin and 10 goblins.

Vanquished Creatures
  2 adders (D:2)
  A gnoll (D:2)
  A worm (D:2)
  4 ball pythons (D:1)
  5 bats
  2 endoplasms
  2 giant cockroaches
  8 goblins
  6 hobgoblins
  6 jackals
  3 quokkas
  4 frilled lizards
  3 kobolds (D:1)
  3 rats
50 creatures vanquished.

Notes
Turn   | Place    | Note
-------+----------+-------------------------------------------
     0 | D:1      | qw the Gargoyle Hunter began the quest for the Orb.
     0 | D:1      | Reached XP level 1. HP: 12/12 MP: 1/1
     0 | D:1      | 0 ||| qw: Version: 0.2-a-29-g511e9b1
     0 | D:1      | 0 ||| qw: Game counter: 5169
     0 | D:1      | 0 ||| qw: Always use a shield: true
     0 | D:1      | 0 ||| qw: God list: Okawaru
     0 | D:1      | 0 ||| qw: Allow faded altars: false
     0 | D:1      | 0 ||| qw: Do Orc after D:15 true
     0 | D:1      | 0 ||| qw: Do second Lair branch before Depths: true
     0 | D:1      | 0 ||| qw: Lair rune preference: random
     0 | D:1      | 0 ||| qw: Plans: Normal, Zot:1-4, Slime:5, God:TSO, Crypt,
                  | Tomb, Abyss, Pan, Hells, Win
     0 | D:1      | 0 ||| PLANNING D:1-11
    89 | D:1      | Reached XP level 2. HP: 17/17 MP: 2/2
   372 | D:1      | Reached XP level 3. HP: 21/21 MP: 3/3
   445 | D:1      | Reached skill level 5 in Ranged Weapons
   636 | D:1      | 636 ||| UPGRADING to +0 ring mail.
   646 | D:1      | 646 ||| DROPPING +0 leather armour.
   647 | D:1      | 647 ||| UPGRADING to +0 cloak.
   652 | D:1      | 652 ||| READING scroll labelled SULUK ACKESOG.
   653 | D:1      | 653 ||| READING scroll labelled FIFRYT YCYILOXE.
   654 | D:1      | 654 ||| READING scroll labelled BORO UK SAIWED.
   655 | D:1      | 655 ||| DRINKING 2 yellow potions.
   656 | D:1      | 656 ||| DROPPING scroll of butterflies.
   743 | D:2      | Reached skill level 1 in Armour
   767 | D:2      | 767 ||| FLEEEEING.
   768 | D:2      | 768 ||| FLEEEEING.
   853 | D:2      | Reached skill level 3 in Fighting
   853 | D:2      | Reached XP level 4. HP: 28/28 MP: 4/4
  1170 | D:2      | Identified the +8 chain mail of the Tormentor {Str+3}
  1174 | D:2      | Noticed Robin
  1183 | D:2      | HP: 3/28 [goblin/+0 club[Robin] (6)]
  1183 | D:2      | HP: 1/28 [goblin/+0 dagger[Robin] (2)]
  1183 | D:2      | Slain by a goblin

Levels and vault maps discovered:
D:1:      nicolae_arrival_washed_ashore, layout_basic
D:2:      cheibrodos_helix_gallery, layout_basic, serial_bayou_pond_c,
          minmay_small_reverse_x, uniq_crazy_yiuf_cottage, uniq_robin

Skill      XL: |  1  2  3 |
---------------+----------+-----
Ranged Weapons | 5 |  5.2
Armour         | 1 |  1.0
Fighting       | 3 |  3.1
Dodging        | |  1.5
Stealth        | |  1.1

Action                     |  1- 3 |  4- 6 || total
---------------------------+-------+-------++-------
   Fire: Shortbow          |    99 |    65 ||   164
    Use: Scroll            |     3 |       ||     3
         Potion            |     1 |       ||     1
 Armour: Leather armour    |    19 |       ||    19
         Ring mail         |    22 |    30 ||    52
  Dodge: Dodged            |    44 |    45 ||    89

Table legend:
 A = Non-vault XP
 B = Vault XP
 C = Vault XP percentage of total XP
 D = Non-vault monster count
 E = Vault monster count
 F = Vault count percentage of total count
                 A         B        C        D         E       F
            +---------+---------+-------+---------+---------+-------
      Total |      99 |      24 |  19.5 |      42 |       8 |  16.0
            +---------+---------+-------+---------+---------+-------
        D:1 |      44 |       0 |   0.0 |      27 |       0 |   0.0
        D:2 |      55 |      24 |  30.4 |      15 |       8 |  34.8
            +---------+---------+-------+---------+---------+-------
